AoeStats
← Luo_ji22

Fortress

510069279Analyzed
2v2 RM · 2d ago on Sep 29, 2026· 83m 32s· 4 players
Game mode
Random Map
Map size
Normal (6 player)
Population
200
Speed
Normal
Resources
Standard
Victory
Conquest
Starting age
Dark Age
Ending age
Imperial Age
RankedLock teamsTeams togetherTeam positionsShared explorationLock speedFull tech treeHidden civsTurbo modeCheats
Victory
Defeat
🇫🇷 Slavs · France
1039
+14
🇫🇷 Spanish · France
983
+16
🇨🇭 Khmer · Switzerland
997
-36
🇨🇭 Goths · Switzerland
997
-36
Luo_ji22
9:27 Feudal Age
13:12 Castle Age
11:37 Double-Bit Axe
11:50 Loom
12:08 Horse Collar
12:21 Fletching
13:28 Wheelbarrow
14:13 Wheelbarrow
13:48 Crossbowman
15:09 Bow Saw
14:34 Pikeman
17:04 Scale Mail Armor
18:13 Heavy Plow
18:52 Town Watch
19:22 Elite Skirmisher
21:56 Padded Archer Armor
26:58 Anarchy
27:58 Hand Cart
29:01 Bodkin Arrow
29:07 Gold Mining
29:09 Stone Mining
35:38 Imperial Age
33:35 Squires
35:16 Chain Mail Armor
35:12 Forging
35:42 Town Patrol
35:42 Halberdier
38:15 Heavy Cavalry Archer
39:45 Conscription
39:44 Cavalier
42:16 Iron Casting
41:42 Bracer
44:31 Husbandry
44:42 Bloodlines
55:31 Blast Furnace
54:38 Scale Barding Armor
54:49 Leather Archer Armor
58:23 Perfusion
67:11 Elite Huskarl
Herakles
7:10 Feudal Age
11:13 Castle Age
10:18 Double-Bit Axe
14:20 Bow Saw
17:38 Horse Collar
21:46 Scale Barding Armor
21:07 Light Cavalry
23:08 Heavy Plow
25:01 Forging
27:34 Chain Barding Armor
28:44 Bloodlines
28:36 Husbandry
32:05 Imperial Age
32:35 Hussar
32:48 Pikeman
34:56 Plate Barding Armor
39:07 Crop Rotation
42:25 Halberdier
42:56 Crossbowman
50:58 Arbalester
74:53 Iron Casting
LejuDuTixFdp
7:23 Feudal Age
5:58 Loom
7:44 Feudal Age
12:25 Castle Age
10:09 Horse Collar
11:02 Double-Bit Axe
13:26 Fletching
14:59 Scale Barding Armor
20:14 Wheelbarrow
25:44 Imperial Age
24:03 Forging
24:14 Chain Barding Armor
24:37 Husbandry
27:35 Chemistry
27:00 Conscription
26:56 Bloodlines
27:21 Cavalier
30:13 Iron Casting
47:22 Elite Conquistador
68:54 Plate Barding Armor
69:20 Blast Furnace
68:40 Light Cavalry
69:55 Hussar
SafirduTiks
7:17 Feudal Age
11:44 Castle Age
10:01 Double-Bit Axe
10:14 Horse Collar
13:52 Bow Saw
14:35 Bloodlines
14:33 Scale Barding Armor
16:03 Husbandry
16:32 Gold Mining
17:30 Scale Mail Armor
17:47 Loom
19:33 Wheelbarrow
21:16 Squires
22:01 Pikeman
23:19 Heavy Plow
28:44 Imperial Age
26:50 Chain Mail Armor
28:30 Forging
29:23 Gold Shaft Mining
29:24 Hand Cart
28:47 Onager
30:02 Conscription
30:10 Halberdier
31:54 Siege Onager
33:29 Iron Casting
33:27 Siege Engineers
36:17 Plate Mail Armor
36:48 Blast Furnace
36:32 Druzhina
59:26 Fletching
Connection lost

Rejoining the realm…

Still unreachable

The connection could not be restored.

Session expired

The server has moved on; the page needs a fresh start.